 Dungeon Crawl Stone Soup version 0.20.0-15-g7f486f2 (webtiles) character file.

291 theemperora the Ducker (level 6, 0/30 HPs)
             Began as a Spriggan Warper on June 9, 2017.
             Was a Believer of Lugonu.
             Slain by a centaur skeleton (1 damage)
             ... on level 7 of the Dungeon.
             The game lasted 00:17:28 (3550 turns).

theemperora the Ducker (Spriggan Warper)            Turns: 3550, Time: 00:17:29

Health: 0/30       AC:  4    Str:  8    XL:     6   Next: 10%
Magic:  14/22      EV: 21    Int: 15    God:    Lugonu [**....]
Gold:   190        SH:  0    Dex: 16    Spells: 9/13 levels left

rFire    . . .     SeeInvis +   g - +2 dagger (drain)
rCold    . . .     Gourm    .   (shield restricted)
rNeg     . . .     Faith    .   b - +2 robe
rPois    .         Spirit   .   (helmet restricted)
rElec    .         Reflect  .   (no cloak)
rCorr    .         Harm     .   (gloves unavailable)
MR       +....                  (boots unavailable)
Stlth    ++........             (no amulet)
Regen    0.1/turn               (no ring)
MPRegen  0.2/turn               l - ring of magical power

@: lethally poisoned (0 -> -4), very quick
A: unfitting armour, see invisible, herbivore 3, speed 3, slow metabolism 2
a: Depart the Abyss, Bend Space, Renounce Religion


You were on level 7 of the Dungeon.
You worshipped Lugonu.
Lugonu was pleased with you.
You were full.

You visited 1 branch of the dungeon, and saw 5 of its levels.

You collected 190 gold pieces.

Inventory:

Hand Weapons
 a - a +0 short sword
 g - a +2 dagger of draining (weapon)
Missiles
 e - 4 tomahawks of dispersal (quivered)
 j - 4 tomahawks of returning
Armour
 b - a +2 robe (worn)
 p - a +0 robe
Jewellery
 f - an uncursed ring of loudness
 l - a ring of magical power (right hand)
 m - a cursed ring of teleportation {unknown}
Scrolls
 d - 2 scrolls of blinking
 h - a scroll of remove curse
 i - 2 scrolls of recharging
 k - 7 scrolls of identify
Potions
 q - a potion of agility
 r - a potion of flight {unknown}
Books
 c - a book of Spatial Translocations

   Spells                             Type                      Level
   a - Blink                          Translocation                2
   b - Shroud of Golubria             Charms/Translocation         2
   c - Lesser Beckoning               Translocation                3
   d - Gell's Gravitas                Translocation                3
   e - Teleport Other                 Translocation                3
   f - Passage of Golubria            Translocation                4
Comestibles
 n - 2 bread rations
 o - a royal jelly


   Skills:
 + Level 2.2 Fighting
 + Level 3.5 Short Blades
 + Level 1.1 Throwing
 + Level 5.5 Dodging
 + Level 3.0 Stealth
 + Level 4.2 Spellcasting
 + Level 2.0 Charms
 + Level 5.0 Translocations


You had 9 spell levels left.
You knew the following spells:

 Your Spells              Type           Power        Failure   Level  Hunger
a - Blink                 Tloc           N/A          3%          2    ##.....
b - Shroud of Golubria    Chrm/Tloc      ##........   6%          2    ##.....


Dungeon Overview and Level Annotations

Branches:
Dungeon (4/15)
 Temple: D:4-7

Altars:
Ashenzari
Okawaru
Sif Muna
Lugonu


Innate Abilities, Weirdness & Mutations

You are very small and have problems with some larger weapons.
You are too small for most types of armour.
You have supernaturally acute eyesight. (SInv)
You are a herbivore.
You cover ground extremely quickly.
You need consume almost no food.


Message History

You don't know that spell.
The killer bee misses you.
Your shroud unravels.
* * * LOW HITPOINT WARNING * * *
You feel sick. The killer bee closely misses you.
* * * LOW HITPOINT WARNING * * *
You feel sick.
* * * LOW HITPOINT WARNING * * *
You feel sick. The killer bee closely misses you. The killer bee stings you.
* * * LOW HITPOINT WARNING * * *
The killer bee completely misses you. x2
Casting: Blink
Confirm with . or Enter, or press ? or * to list all spells.
You blink.
* * * LOW HITPOINT WARNING * * *
You feel sick. The centaur skeleton barely misses you.
You closely miss the orc warrior. The killer bee completely misses you.
The centaur skeleton hits you.
You die...

.... #..♣PP #..PP♣
##########..♣P♣
#...........PP♣# ##
#............♣P♣♣♣P#
#.....yy..#...PPPPP#
#....y.@..+...P♣PPP♣.g
#.....Zo..#.....P♣P...
##+###.#####....P.P...
###h##y##..........
#..o...o...###.....
#....o.o...# ##...
#.......[..# ..
#..........# .
#..........#


You could see an orc warrior, a black bear, 3 killer bees, an orc and a centaur
skeleton.

Vanquished Creatures
  Sigmund (D:4)
  6 adders
  3 worms
  A dart slug (D:1)
  5 orcs (D:3)
  A ball python (D:1)
  8 bats
  3 giant cockroaches
  2 goblins
  3 hobgoblins
  7 jackals
  4 frilled lizards
  8 kobolds
  5 rats
57 creatures vanquished.

Notes
Turn   | Place    | Note
-------+----------+-------------------------------------------
     0 | D:1      | theemperora the Spriggan Warper began the quest for the Orb.
     0 | D:1      | Reached XP level 1. HP: 10/10 MP: 5/5
   618 | D:1      | Reached XP level 2. HP: 15/15 MP: 6/6
   624 | D:1      | Learned a level 2 spell: Blink
   627 | D:1      | Learned a level 2 spell: Shroud of Golubria
  1038 | D:2      | Reached XP level 3. HP: 17/18 MP: 8/8
  1058 | D:2      | Reached skill level 1 in Stealth
  1364 | D:2      | Found a deep blue altar of Sif Muna.
  1410 | D:2      | Became a worshipper of Sif Muna the Loreminder
  1496 | D:2      | Reached XP level 4. HP: 23/23 MP: 9/9
  2037 | D:3      | HP: 1/23 [poisoned by an adder]
  2362 | D:3      | Found a faded altar of an unknown god.
  2371 | D:3      | Reached skill level 5 in Dodging
  2377 | D:3      | Reached skill level 1 in Charms
  2401 | D:3      | Fell from the grace of Sif Muna
  2401 | D:3      | Became a worshipper of Lugonu the Unformed
  2401 | D:3      | Reached * piety under Lugonu
  2401 | D:3      | Reached ** piety under Lugonu
  2793 | D:3      | Found a shattered altar of Ashenzari.
  3109 | D:4      | Noticed Sigmund
  3134 | D:4      | Killed Sigmund
  3134 | D:4      | Reached skill level 5 in Translocations
  3134 | D:4      | Reached XP level 5. HP: 7/26 MP: 12/12
  3134 | D:4      | Reached XP level 6. HP: 8/30 MP: 13/13
  3371 | D:4      | Found an iron altar of Okawaru.
  3512 | D:4      | You fall through a shaft for 3 floors!
  3512 | D:7      | Noticed an orc warrior
  3549 | D:7      | HP: 1/30 [poisoned by a killer bee]
  3550 | D:7      | Slain by a centaur skeleton

Skill      XL: |  1  2  3  4 |
---------------+-------------+-----
Dodging        | 4 5 |  5.5
Spellcasting   | 3 4 |  4.2
Stealth        | 1 3 |  3.0
Charms         | 2 |  2.0
Fighting       | 2 |  2.2
Short Blades   | 3 |  3.5
Translocations | 5 |  5.0
Throwing       | |  1.1

Action                   |  1- 3 |  4- 6 || total
-------------------------+-------+-------++-------
Melee: Dagger            |    86 |   110 ||   196
       Short sword       |     4 |       ||     4
Throw: Tomahawk          |     1 |       ||     1
 Cast: Shroud of Golubri |     6 |     4 ||    10
       Blink             |     2 |     5 ||     7
  Use: Scroll            |     8 |     5 ||    13
       Potion            |     1 |       ||     1
 Stab: Sleeping          |       |     2 ||     2
  Eat: Bread ration      |     1 |       ||     1
Armor: Robe              |    11 |     6 ||    17
Dodge: Dodged            |    89 |    95 ||   184
